 Dungeon Crawl Stone Soup version 0.31.0-11-ge490571c62 (webtiles) character file.

Game seed: 6003361986157699200

42 solopath the Trooper (level 3, 0/40 HPs)
             Began as an Oni Berserker on Jan 30, 2024.
             Was a Follower of Trog.
             Slain by a quokka (4 damage)
             ... on level 2 of the Dungeon.
             The game lasted 00:00:57 (1116 turns).

solopath the Trooper (Oni Berserker)                Turns: 1116, Time: 00:00:57

Health: 0/40       AC:  3    Str: 23    XL:     3   Next: 54%
Magic:  3/3        EV: 10    Int:  8    God:    Trog [*.....]
Gold:   34         SH:  0    Dex:  8    Spells: 2/2 levels left

rFire   . . .        a - +0 mace
rCold   . . .        (no shield)
rNeg    . . .        b - +0 animal skin
rPois   .            (helmet restricted)
rElec   .            (no cloak)
rCorr   .            (gloves unavailable)
SInv    .            (boots unavailable)
Will    .....        (no amulet)
Stlth   +            (no ring)
HPRegen 0.26/turn    (no ring)
MPRegen 0.08/turn

%: no passive effects
@: no status effects
A: large, unfitting armour, horns 1, tough skin 1, double potion healing,
drunken brawling
a: Renounce Religion, Berserk


You were on level 2 of the Dungeon.
You worshipped Trog.
Trog was aware of your devotion.
You visited 1 branch of the dungeon, and saw 2 of its levels.

You collected 34 gold pieces.

Inventory:

Hand Weapons
 a - a +0 mace (weapon)
Armour
 b - a +0 animal skin (worn)
Scrolls
 c - 3 scrolls of vulnerability {unknown}
Potions
 d - 2 potions of lignification {unknown}
 e - a potion of brilliance {unknown}
 f - 4 potions of curing {unknown}
 g - a potion of heal wounds {unknown}


   Skills:
 + Level 4.7 Fighting
 * Level 4.0 Maces & Flails
 - Level 2.6 Dodging


You had 2 spell levels left.
You didn't know any spells.
Your spell library was empty.

Dungeon Overview and Level Annotations

Branches:
Dungeon (2/15)

Altars:

Shops:
D:1 [


Innate Abilities, Weirdness & Mutations

You are too large for most types of armour.
You have a pair of small horns on your head.
You have tough skin. (AC +1)
You gain doubled healing and magic from potions.
Whenever you drink a healing potion, you attack all around you.


Message History

You barely miss the goblin. Your punch misses the goblin.
You feel very sick. The goblin hits you but does no damage.
You closely miss the goblin. You headbutt the goblin.
You kill the goblin!
Trog accepts your kill.
You feel very sick.
You are too injured to fight recklessly!
You are too injured to fight recklessly!
You are too injured to fight recklessly!
You are too injured to fight recklessly!
You are too injured to fight recklessly!
You are too injured to fight recklessly!
You are too injured to fight recklessly!
You are too injured to fight recklessly!
You feel very sick.
You see here a +1 dagger of venom.
You start resting.
You feel very sick.
You feel sick. x8
You are no longer poisoned.
A quokka comes into view.
A quokka is nearby!
A quokka is nearby!
You are too injured to fight recklessly!
The quokka misses you.
You barely miss the quokka. The quokka bites you.
You barely miss the quokka. The quokka bites you.
* * * LOW HITPOINT WARNING * * *
The quokka bites you.
* * * LOW HITPOINT WARNING * * *
You closely miss the quokka. The quokka barely misses you.
You closely miss the quokka. The quokka bites you.
* * * LOW HITPOINT WARNING * * *
The quokka bites you.
* * * LOW HITPOINT WARNING * * *
You hit the quokka. Your headbutt misses the quokka.
The quokka is heavily wounded.
The quokka bites you.
You die...

##########
###############........##
#.................†......
#.#############.†......##
#.# ###...###### #.#
#.....# #.# .####..r###
#.# .......@# ##.#
..$.....# ...# .......)#
...###.............# ###
......................
.>.
...##..##..........####
#.# ...................#
#.# ##..#.#.#.#.###....#
#.# ###.........# #....#
#.#


You could see a quokka.

Vanquished Creatures
  2 adders (D:2)
  A dart slug (D:1)
  2 endoplasms (D:1)
  3 giant cockroaches (D:1)
  2 hobgoblins
  2 kobolds (D:1)
  2 quokkas
  2 ball pythons
  A frilled lizard (D:2)
  2 goblins (D:2)
  2 rats
21 creatures vanquished.

Notes
Turn   | Place    | Note
-------+----------+-------------------------------------------
     0 | D:1      | solopath the Oni Berserker began the quest for the Orb.
     0 | D:1      | Reached XP level 1. HP: 24/24 MP: 1/1
   102 | D:1      | Reached XP level 2. HP: 29/32 MP: 2/2
   399 | D:1      | Found Murroj's Antique Armour Boutique.
   429 | D:1      | Found a faded altar of an unknown god.
   792 | D:2      | Reached XP level 3. HP: 31/40 MP: 3/3
  1116 | D:2      | Slain by a quokka

Illustrated notes

Levels and vault maps discovered:
D:1:      dpeg_arrival_castle, layout_rooms, shapermc_ecumenical_altar_gd,
          serial_shops, shop
D:2:      layout_basic, serial_glass, glass_columns_c, glass_columns_b

Skill      XL: |  1  2  3 |
---------------+----------+-----
Maces & Flails | 4 |  4.0
Fighting       | |  4.7
Dodging        | |  2.6

Action                     || total
---------------------------++-------
  Melee: Mace              ||    73
         Headbutt          ||     7
 Armour: Animal skin       ||    57
  Dodge: Dodged            ||    39
